 Dungeon Crawl Stone Soup version 0.14-a0-1378-gf8e6a88 (webtiles) character file.

2055 PolkaDot the Conjurer (level 8, -1/52 HPs)
             Began as a Vampire Conjurer on Dec 9, 2013.
             Was a Believer of Vehumet.
             Slain by a green rat (8 damage)
             ... on Level 7 of the Dungeon.
             The game lasted 00:24:53 (5587 turns).

PolkaDot the Conjurer (Vampire Conjurer)            Turns: 5587, Time: 00:24:53

HP  -1/52        AC  3     Str  7      XL: 8   Next: 77%
MP   2/17        EV 12     Int 19      God: Vehumet [**....]
Gold 314         SH  0     Dex 14      Spells:  5 memorised,  5 levels left

rFire  . . .     SeeInvis +     t - +1 elf cutlass
rCold  + . .     Clarity  .     a - +0 robe
rNeg   + . .     Conserve .     (no shield)
rPois  .         rCorr    .     (no helmet)
rElec  .         rRot     .     (no cloak)
SustAb + .       Spirit   .     (no gloves)
rMut   .         Warding  +     i - +0 pair of boots
Saprov . . .     Stasis   .     B - amulet of warding
                                f - ring of protection from cold
                                g - ring of sustain abilities

@: regenerating very quickly, very slightly contaminated, somewhat resistant to
hostile enchantments, stealthy
A: bottle blood, fangs 3, see invisible, unbreathing
a: Bottle Blood, Renounce Religion


You were on level 7 of the Dungeon.
You worshipped Vehumet.
Vehumet was pleased with you.
You were almost alive.

You visited 2 branches of the dungeon, and saw 8 of its levels.

You collected 314 gold pieces.

Inventory:

Hand weapons
 t - a +1,+1 elven cutlass (weapon)
Armour
 a - a +0 robe (worn)
 i - a +0 pair of boots (worn)
Magical devices
 e - a wand of disintegration (18)
 k - a wand of digging (12)
 n - a wand of draining (3)
 s - a wand of frost (6)
 w - a wand of digging (7)
 y - a wand of disintegration (11)
Scrolls
 b - a scroll of random uselessness {unknown}
 d - 4 scrolls of remove curse
 h - a scroll of fog {unknown}
 o - a scroll of immolation {unknown}
 r - a scroll of amnesia {unknown}
 u - a scroll of noise {unknown}
 v - 3 scrolls of identify
 x - a scroll of recharging {unknown}
 z - a scroll of enchant weapon I {unknown}
 A - a scroll of enchant weapon II {unknown}
Jewellery
 f - a ring of protection from cold (right hand)
 g - a ring of sustain abilities (left hand)
 B - an amulet of warding (around neck)
Potions
 m - a potion of restore abilities
 q - 10 potions of blood
Books
 c - a book of Conjurations

   Spells                             Type                      Level
   *Magic Dart                        Conjuration                  1
   *Searing Ray                       Conjuration                  2
   Dazzling Spray                     Conjuration/Hexes            3
   *Iskenderun's Mystic Blast         Conjuration                  4
   Iskenderun's Battlesphere          Conjuration/Charms           4
   Fulminant Prism                    Conjuration/Hexes            5
 p - a book of Flames

   Spells                             Type                      Level
   Flame Tongue                       Conjuration/Fire             1
   Throw Flame                        Conjuration/Fire             2
   Conjure Flame                      Conjuration/Fire             3
   Inner Flame                        Hexes/Fire                   3
   Sticky Flame                       Conjuration/Fire             4
   Fireball                           Conjuration/Fire             5


   Skills:
 - Level 2.1 Dodging
 - Level 3.0 Stealth
 + Level 3.8 Spellcasting
 * Level 8.0 Conjurations
 + Level 4.4 Air Magic


You had 5 spell levels left.
You knew the following spells:

 Your Spells              Type           Power        Failure   Level  Hunger
a - Magic Dart            Conj           ####         1%          1    None
d - Iskenderun's Mystic   Conj           ####....     8%          4    ####...
o - Freeze                Ice            #...         17%         1    None
s - Searing Ray           Conj           ####..       1%          2    ##.....
A - Shock                 Conj/Air       ####         1%          1    None


Dungeon Overview and Level Annotations

Branches:
Dungeon (7/16)             Temple (1/1) D:4

Altars:
Ashenzari
Cheibriados
Elyvilon
Fedhas
Makhleb
Okawaru
Sif Muna
Vehumet
Xom


Innate Abilities, Weirdness & Mutations

Your natural rate of healing is extremely fast.
You can bottle blood from corpses.
You have razor-sharp teeth.*
You have supernaturally acute eyesight.
You can survive without breathing.*


Message History

* * * LOW MAGIC WARNING * * *
The green rat bites you but does no damage.
The searing ray hits the green rat.
You kill the green rat!
Vehumet accepts your kill.
The searing ray hits the grey rat.
You kill the grey rat!
Vehumet accepts your kill.
You feel your power returning.
* * * LOW MAGIC WARNING * * *
Drink which item? (? for menu, Esc to quit)
Okay, then.
Read which item? (? for menu, Esc to quit)
Okay, then.
You closely miss the green rat.
The green rat bites you but does no damage.
You completely miss the green rat. The green rat bites you!
* * * LOW HITPOINT WARNING * * *
The green rat bites you!
You die...

+#......(#
#%.%.%#..# .#
.........#
#.....#..
####.....###.r.r.#
#.......##r.r#
#......###r##
#......# ##?##
#......# ##.#
#....>.# ##r##
#......# #@..#
#......###..##....
#....>.............
...................
...................
########...........
#...######. #...#
#...#


You could see a green rat.

Vanquished Creatures
  2 trolls
  An orc warrior (D:6)
  An ogre (D:6)
  A centaur (D:6)
  2 giant frogs (D:6)
  4 killer bees (D:6)
  A crimson imp (D:6)
  4 hounds
  2 orc priests (D:4)
  5 orc wizards
  An iguana (D:4)
  An orange rat (D:7)
  5 worker ants
  A killer bee zombie (D:6)
  A hound zombie (D:6)
  The ghost of July the Sneak, a weakling SpEn (D:3)
  6 adders
  2 green rats (D:7)
  2 giant mites
  2 worms
  2 grey rats (D:7)
  7 giant geckos
  17 orcs
  A ball python (D:6)
  8 bats
  5 giant cockroaches
  9 hobgoblins
  11 jackals
  2 quokkas
  6 giant newts
  11 goblins
  A hobgoblin zombie (D:6)
  9 kobolds
  8 rats
  A rat zombie (D:5)
143 creatures vanquished.

Notes
Turn   | Place    | Note
--------------------------------------------------------------
     0 | D:1      | PolkaDot, the Vampire Conjurer, began the quest for the Orb.
     0 | D:1      | Reached XP level 1. HP: 13/13 MP: 3/3
   328 | D:1      | Reached XP level 2. HP: 19/19 MP: 1/4
   640 | D:2      | Reached XP level 3. HP: 3/24 MP: 1/6
   761 | D:2      | Learned a level 2 spell: Searing Ray
   802 | D:2      | Reached skill level 4 in Conjurations
  1069 | D:2      | Found a snail-covered altar of Cheibriados.
  1380 | D:3      | Reached XP level 4. HP: 23/30 MP: 7/7
  1593 | D:3      | Noticed July's ghost (weakling SpEn)
  1608 | D:3      | Killed July's ghost
  1741 | D:3      | Learned a level 4 spell: Iskenderun's Mystic Blast
  2254 | D:4      | Got an ancient flail
  2255 | D:4      | Identified the cursed +0,+0 flail of Chackic {drain, rF+} (You found it on level 4 of the Dungeon)
  2255 | D:4      | Identified the cursed +0,+0 flail of Chackic {drain, rF+} (You found it on level 4 of the Dungeon)
  2336 | D:4      | Reached XP level 5. HP: 26/35 MP: 5/9
  2342 | D:4      | Reached skill level 5 in Conjurations
  2460 | D:4      | Noticed a troll
  2472 | D:4      | Killed a troll
  2472 | D:4      | Reached skill level 6 in Conjurations
  2472 | D:4      | Reached XP level 6. HP: 29/41 MP: 1/10
  2480 | D:4      | Found a staircase to the Ecumenical Temple.
  2503 | Temple   | Entered the Ecumenical Temple
  2511 | Temple   | Became a worshipper of Vehumet
  2678 | D:4      | Reached XP level 7. HP: 37/46 MP: 2/12
  2840 | D:4      | Found a burning altar of Makhleb.
  2989 | D:4      | Acquired Vehumet's first power
  2989 | D:4      | Offered knowledge of Shock by Vehumet.
  2992 | D:4      | Learned a level 1 spell: Shock
  3169 | D:5      | Entered Level 5 of the Dungeon
  3438 | D:5      | Reached skill level 1 in Air Magic
  3470 | D:5      | Reached skill level 7 in Conjurations
  3717 | D:5      | Found a blossoming altar of Fedhas.
  3717 | D:5      | Found a shimmering altar of Xom.
  4129 | D:6      | Offered knowledge of Freeze by Vehumet.
  4138 | D:6      | Learned a level 1 spell: Freeze
  4180 | D:6      | Reached XP level 8. HP: 28/52 MP: 9/14
  5059 | D:6      | HP: 2/52 [orc/orcish war axe (8)]
  5398 | D:7      | Noticed a troll
  5414 | D:7      | Killed a troll
  5570 | D:7      | Reached skill level 8 in Conjurations
  5580 | D:7      | Offered knowledge of Static Discharge by Vehumet.
  5587 | D:7      | Slain by a green rat

Action                   |  1- 3 |  4- 6 |  7- 9 || total
-------------------------+-------+-------+-------++-------
Melee: Unarmed           |     3 |       |       ||     3
       Dagger            |    64 |    45 |       ||   109
       Short sword       |       |     9 |       ||     9
       Flail             |       |    18 |       ||    18
       Cutlass           |       |    13 |   188 ||   201
 Cast: Magic Dart        |    12 |     1 |     2 ||    15
       Searing Ray       |     2 |     9 |    35 ||    46
       Iskenderun's Myst |       |     1 |    12 ||    13
 Abil: Bottle Blood      |       |       |    30 ||    30
Evoke: Wand              |       |     3 |     1 ||     4
  Use: Potion            |     1 |     5 |    26 ||    32
       Scroll            |       |     8 |     3 ||    11
 Stab: Distracted        |     2 |       |       ||     2
       Sleeping          |     5 |     5 |     4 ||    14
